 Dungeon Crawl Stone Soup version 0.30-a0-651-g0755cc6dcf (webtiles) character file.

Game seed: 2174195169405365178

17 Fenrisus the Vexing (level 2, 16/16 HPs)
             Began as a Kobold Hexslinger on Jan 17, 2023.
             Quit the game on level 2 of the Dungeon.
             The game lasted 00:06:04 (1138 turns).

Fenrisus the Vexing (Kobold Hexslinger)             Turns: 1138, Time: 00:06:05

Health: 16/16      AC:  8    Str:  7    XL:     2   Next: 80%
Magic:  4/4        EV:  4    Int: 14    God:
Gold:   62         SH:  0    Dex: 21    Spells: 2/3 levels left

rFire   . . .      SeeInvis .    a - +1 sling
rCold   . . .      Faith    .    (no shield)
rNeg    . . .      Spirit   .    o - +0 chain mail
rPois   .          Reflect  .    (no helmet)
rElec   .          Harm     .    (no cloak)
rCorr   .          Rampage  .    (no gloves)
Will    .....                    (no boots) Stlth
                                 (no amulet)
HPRegen 0.22/turn                d - ring of wizardry
MPRegen 0.09/turn                k - +6 ring of dexterity

@: no status effects
A: small, no large weapons, nightstalker 3
a: no special abilities


You were on level 2 of the Dungeon.
You visited 1 branch of the dungeon, and saw 2 of its levels.

You collected 62 gold pieces.

Inventory:

Hand Weapons
 a - a +1 sling (weapon)
Armour
 o - a +0 chain mail (worn)
Jewellery
 d - a ring of wizardry (left hand)
 k - a +6 ring of dexterity (right hand)
Scrolls
 b - a scroll of poison
 c - a scroll of enchant armour {unknown}
 f - a scroll of teleportation {unknown}
 i - a scroll of fog {unknown}
 j - a scroll of noise {unknown}
 n - a scroll of amnesia {unknown}
Potions
 e - a potion of lignification {unknown}
 g - a potion of curing {unknown}
 h - a potion of berserk rage {unknown}
 l - a potion of resistance {unknown}
 m - a potion of might {unknown}


   Skills:
 + Level 1.5 Fighting
 + Level 3.0 Ranged Weapons
 + Level 2.7 Dodging
 + Level 1.4 Spellcasting
 + Level 3.1 Hexes


You had 2 spell levels left.
You knew the following spells:

 Your Spells              Type           Power      Damage    Failure   Level
a - Slow                  Hex            36%        N/A       100%        1

Your spell library contained the following spells:

 Spells                   Type           Power      Damage    Failure   Level
 Inner Flame              Hex/Fire       5%         N/A       100%        3
 Portal Projectile        Hex/Tloc       10%        N/A       100%        3
 Cause Fear               Hex            4%         N/A       100%        4


Dungeon Overview and Level Annotations

Branches:
Dungeon (2/15)

Altars:


Innate Abilities, Weirdness & Mutations

You are small and have problems with some larger weapons.
You are completely attuned to the shadows.


Message History

You are too injured to fight recklessly!
You are too injured to fight recklessly!
You are too injured to fight recklessly!
You are too injured to fight recklessly!
You are too injured to fight recklessly!
You are too injured to fight recklessly!
The kobold throws a stone.
The stone barely misses you. The kobold hits you but does no damage.
The kobold throws a stone.
The stone hits you but does no damage.
The kobold throws a stone.
The stone barely misses you.
You are too injured to fight recklessly!
You are too injured to fight recklessly!
You are too injured to fight recklessly!
Read: scroll of poison
Press: ? - help, Q - select action, (/) - cycle Dir - look around, f - activate Look: a kobold, wielding a +0 club and quivering stones (severely wounded)
Okay, then.
The kobold attacks as you move away! The kobold hits you with a +0 club.
* * * LOW HITPOINT WARNING * * *
The kobold throws a stone.
The stone hits you but does no damage.
The kobold throws a stone.
The stone barely misses you.
The kobold throws a stone.
The stone hits you but does no damage.
The kobold throws a stone.
The stone hits you but does no damage.
A kobold is nearby!
You are too injured to fight recklessly!
You are too injured to fight recklessly!
The kobold throws a stone.
The stone barely misses you.
The kobold throws a stone.
The stone hits you.
You open the door.
There is an open door here.
The kobold throws a stone.
The stone hits you but does no damage. The kobold hits you but does no damage.
There is an open door here.
You shoot a sling bullet. The sling bullet hits the kobold.
You kill the kobold!
You start resting.
HP restored.
Unknown command.
Unknown command.
Are you sure you want to abandon this character and quit the game? (Confirm with "yes".)

#..###### #...
#.......# #.......#
#.......# #.......#
#.......# .........#
##########..#..)..#
#........#..#..#@##
#.######.#.......#
#.######.#.......# .
.......#.#.......##..
.....#.#.#..#..|.....
)....#.#.#..##.#.####
†.####.#.#..........#
..# .#.#...#...#...
..# #.#.......#..#


There were no monsters in sight!

Vanquished Creatures
  A dart slug (D:1)
  3 endoplasms (D:1)
  A giant cockroach (D:1)
  4 goblins
  3 frilled lizards (D:2)
  2 kobolds (D:2)
  A rat (D:1)
15 creatures vanquished.

Notes
Turn   | Place    | Note
-------+----------+-------------------------------------------
     0 | D:1      | Fenrisus the Kobold Hexslinger began the quest for the Orb.
     0 | D:1      | Reached XP level 1. HP: 12/12 MP: 2/2
   192 | D:1      | Found a faded altar of an unknown god.
   468 | D:1      | Reached XP level 2. HP: 16/16 MP: 3/3
  1138 | D:2      | Quit the game

Illustrated notes

Levels and vault maps discovered:
D:1:      wander_arrival_abandoned_jail, layout_loops_corners,
          basic_ecumenical_altar
D:2:      layout_basic, minivault_19, chequers_arboretum, uniq_sigmund

Skill      XL: |  1  2 |
---------------+-------+-----
Ranged Weapons | 3 |  3.0
Fighting       | |  1.5
Dodging        | |  2.7
Spellcasting   | |  1.4
Hexes          | |  3.1

Action                   || total
-------------------------++-------
 Fire: Sling             ||    52
Armor: Robe              ||     1
       Chain mail        ||    35
Dodge: Dodged            ||    17

Table legend: (Time is in decaauts)
 A = Elapsed time spent in this place.
 B = Non-inter-level travel time spent in this place.
 C = Inter-level travel time spent in this place.
 D = Time resting spent in this place.
 E = Time spent auto-exploring this place.
 F = Levels seen in this place.
 G = Mean time per level.
                   A        B        C        D        E       F      G
               +--------+--------+--------+--------+--------+-----+--------+
         Total |   1172 |    216 |    956 |     40 |      0 |   2 |  586.0 |
       Dungeon |   1172 |    216 |    956 |     40 |      0 |   2 |  586.0 |
               +--------+--------+--------+--------+--------+-----+--------+

Top non-repeatable levels by time:
     D:1: 958 daAuts
     D:2: 214 daAuts
